AoeStats
← Legendario

African Clearing

510828501Analyzed
4v4 RM · 1d ago on Oct 2, 2026· 48m 55s· 8 players
Game mode
Random Map
Map size
Large (8 player)
Population
200
Speed
Normal
Resources
Standard
Victory
Conquest
Starting age
Dark Age
Ending age
Imperial Age
RankedLock teamsTeams togetherTeam positionsShared explorationLock speedFull tech treeHidden civsTurbo modeCheats
Victory
Defeat
🇳🇱 Maya · Netherlands
1102
+14
🇧🇷 Danes · Brazil
1095
+14
🇪🇸 Huns · Spain
1021
+17
🇹🇷 Vietnamese · Türkiye
1012
+17
🇺🇸 Persians · United States
1114
-18
🇺🇸 Koreans · United States
1063
-16
🇹🇷 Franks · Türkiye
1061
-16
🇺🇸 Byzantines · United States
960
-12
NoLawsClaws
9:10 Loom
13:03 Feudal Age
13:37 Man-at-Arms
14:22 Double-Bit Axe
15:12 Gold Mining
19:29 Forging
19:24 Scale Barding Armor
20:04 Scale Mail Armor
21:55 Fletching
26:53 Castle Age
30:13 Scale Barding Armor
33:59 Horse Collar
34:31 Bow Saw
35:06 Heavy Plow
The Lemons
7:49 Loom
13:12 Feudal Age
28:40 Double-Bit Axe
Dragonfire_bane
3:09 Loom
4:42 Loom
12:24 Feudal Age
13:19 Horse Collar
13:36 Double-Bit Axe
15:32 Wheelbarrow
23:10 Fletching
24:58 Stone Mining
24:59 Gold Mining
26:03 Forging
26:28 Scale Mail Armor
27:25 Arson
31:05 Castle Age
31:09 Pikeman
31:52 Squires
32:31 Iron Casting
32:12 Chain Mail Armor
31:59 Heavy Plow
32:11 Bow Saw
32:41 Gold Shaft Mining
33:51 Hand Cart
33:37 Bodkin Arrow
35:47 Scale Barding Armor
37:33 Chain Barding Armor
38:37 Caravan
40:40 Stone Shaft Mining
41:05 Husbandry
41:53 Ballistics
41:43 Fortified Wall
42:09 Treadmill Crane
45:42 Imperial Age
43:34 Murder Holes
45:47 Halberdier
47:07 Plate Mail Armor
47:37 Crop Rotation
Lucious
14:42 Feudal Age
15:22 Loom
Legendario
13:53 Loom
16:31 Feudal Age
22:35 Castle Age
22:19 Double-Bit Axe
28:16 Horse Collar
30:56 Wheelbarrow
31:23 Husbandry
31:46 Heavy Plow
37:38 Imperial Age
35:44 Hand Cart
36:14 Scale Barding Armor
36:20 Forging
36:26 Bow Saw
36:52 Gold Mining
37:49 Chain Barding Armor
37:32 Marauders
38:39 Gold Shaft Mining
37:57 Stone Mining
38:59 Bloodlines
39:41 Conscription
40:19 Plate Barding Armor
40:20 Iron Casting
40:54 Two-Man Saw
41:01 Elite Tarkan
43:35 Blast Furnace
42:49 Fletching
45:16 Bodkin Arrow
46:30 Ballistics
46:06 Murder Holes
46:21 Masonry
47:14 Chemistry
nemesisbasileus
4:49 Loom
15:01 Feudal Age
SirT_Efaisto
7:02 Loom
15:56 Feudal Age
16:00 Man-at-Arms
17:07 Arson
23:30 Scale Mail Armor
27:21 Horse Collar
31:21 Castle Age
30:45 Forging
30:29 Stone Mining
32:20 Wheelbarrow
31:34 Double-Bit Axe
31:30 Long Swordsman
32:11 Squires
31:58 Gambesons
32:20 Fletching
37:43 Hamask
38:29 Gold Mining
40:31 Town Watch
41:52 Chain Mail Armor
42:13 Iron Casting
42:45 Hand Cart
44:54 Town Patrol
45:57 Heavy Plow
46:09 Bow Saw
49:01 Imperial Age
Marietje Toch
3:52 Loom
13:00 Feudal Age
17:07 Fletching
26:25 Castle Age
25:08 Stone Mining
25:09 Town Watch
29:07 Horse Collar
29:36 Padded Archer Armor
43:16 Imperial Age
42:34 Bodkin Arrow
44:20 Ballistics
44:14 Bracer
47:07 Leather Archer Armor
49:31 Chemistry
49:06 Double-Bit Axe
Connection lost

Rejoining the realm…

Still unreachable

The connection could not be restored.

Session expired

The server has moved on; the page needs a fresh start.